 Dungeon Crawl Stone Soup version 0.31-a0-358-gac0dbeb3ab (webtiles) character file.

Game seed: 1360671929194393011

114 randomguy2701 the Chopper (level 4, -4/41 HPs)
             Began as a Hill Orc Monk on July 25, 2023.
             Slain by a gnoll bouda
             ... wielding a +0 whip
              (10 damage)
             ... on level 3 of the Dungeon.
             The game lasted 00:03:10 (1929 turns).

randomguy2701 the Chopper (Hill Orc Monk)           Turns: 1929, Time: 00:03:11

Health: -4/41      AC:  7    Str: 15    XL:     4   Next: 98%
Magic:  4/4        EV: 10    Int: 10    God:
Gold:   223        SH:  0    Dex: 13    Spells: 3/3 levels left

rFire   . . .        a - +0 hand axe
rCold   . . .        d - orb {light}
rNeg    . . .        b - +0 scale mail
rPois   .            (no helmet)
rElec   .            (no cloak)
rCorr   .            (no gloves)
SInv    .            h - +0 pair of boots
Will    .....        o - amulet of faith Stlth
                     (no ring)
HPRegen 0.26/turn    (no ring)
MPRegen 0.09/turn

%: faith
@: weakened, glowing
A: no striking features
a: no special abilities


You were on level 3 of the Dungeon.
You visited 1 branch of the dungeon, and saw 4 of its levels.

You collected 249 gold pieces.
You spent 26 gold pieces at shops.

Inventory:

Hand Weapons
 a - a +0 hand axe (weapon)
Armour
 b - a +0 scale mail (worn)
 d - an orb of light (worn)
 h - a +0 pair of boots (worn)
Jewellery
 o - an amulet of faith (around neck)
Wands
 s - a wand of paralysis (3)
Scrolls
 f - 6 scrolls of identify
 g - a scroll of butterflies {unknown}
 k - a scroll of acquirement {unknown}
 l - a scroll of revelation {unknown}
 m - 2 scrolls of fog {unknown}
 q - a scroll of enchant armour {unknown}
Potions
 c - 2 potions of ambrosia
 e - a potion of curing {unknown}
 i - a potion of enlightenment {unknown}
 j - a potion of resistance {unknown}
 n - a potion of attraction {unknown}
 p - a potion of degeneration {unknown}
 r - a potion of invisibility {unknown}


   Skills:
 + Level 4.3 Fighting
 + Level 5.4 Axes
 + Level 1.1 Armour
 + Level 3.2 Dodging
 - Level 0.1 Stealth


You had 3 spell levels left.
You didn't know any spells.
Your spell library contained the following spells:

 Spells                   Type           Power      Damage    Failure   Level
 Apportation              Tloc           0%         N/A       83%         1
 Magic Dart               Conj           0%         1d3       83%         1
 Necrotise                Necr           0%         1d4       83%         1
 Summon Small Mammal      Summ           0%         N/A       83%         1
 Call Imp                 Summ           0%         N/A       93%         2
 Mephitic Cloud           Conj/Pois/Air  0%         N/A       99%         3
 Flame Wave               Conj/Fire      0%         2d4       100%        4
 Sticky Flame             Conj/Fire      0%         2d3       100%        4
 Fireball                 Conj/Fire      0%         3d3       100%        5
 Haunt                    Necr/Summ      0%         N/A       100%        7


Dungeon Overview and Level Annotations

Branches:
Dungeon (4/15)
 Temple: D:4-7

Altars:
Hepliaklqana
Zin

Shops:
D:1 ?


Message History

You barely miss the hobgoblin.
The hobgoblin is almost dead.
You hit the gnoll bouda but do no damage.
The gnoll bouda hits you with a +0 whip.
The hobgoblin barely misses you.
You hit the hobgoblin.
You kill the hobgoblin!
You hit the gnoll bouda but do no damage.
The gnoll bouda hits you with a +0 whip.
You barely miss the gnoll bouda.
The gnoll bouda is lightly wounded.
The gnoll bouda hits you with a +0 whip.
You hit the gnoll bouda but do no damage.
The gnoll bouda is lightly wounded.
The gnoll bouda gazes fiercely through you!
You feel as though you will be weak longer.
The gnoll bouda barely misses you.
You hit the gnoll bouda but do no damage.
The gnoll bouda is lightly wounded.
The gnoll bouda hits you with a +0 whip!
You hit the gnoll bouda.
The gnoll bouda is moderately wounded.
The gnoll bouda closely misses you.
You completely miss the gnoll bouda.
The gnoll bouda is moderately wounded.
The gnoll bouda barely misses you.
You hit the gnoll bouda.
The gnoll bouda is heavily wounded.
The gnoll bouda barely misses you.
You hit the gnoll bouda but do no damage.
The gnoll bouda is heavily wounded.
The gnoll bouda closely misses you.
You hit the gnoll bouda but do no damage.
The gnoll bouda is heavily wounded.
The gnoll bouda hits you with a +0 whip!
* * * LOW HITPOINT WARNING * * *
You hit the gnoll bouda but do no damage.
The gnoll bouda is heavily wounded.
The gnoll bouda hits you with a +0 whip!
You die...

............##.##.#..# #[..#
............#..##.##.####...##
.#.....##..#..###.##....###..##
.##..........##...#####.####..#
....#....#..###...# #....##.###
.........#).###...### #....##....
......##......#.....###.....รท....
.####.............#........##....
................@..........##....
.####........##.g.###......##....
.# #........##...# ###....##....
.# #........##...# #....##.... ##
#........###### #....##....
########## #....##.... ###########


You could see a gnoll bouda.

Vanquished Creatures
  6 adders
  A worm (D:2)
  2 dart slugs
  An orc (D:3)
  3 endoplasms
  A giant cockroach (D:1)
  8 goblins
  5 hobgoblins
  2 quokkas (D:1)
  11 ball pythons
  4 bats
  3 frilled lizards (D:2)
  5 kobolds
  2 rats (D:2)
54 creatures vanquished.

Notes
Turn   | Place    | Note
-------+----------+-------------------------------------------
     0 | D:1      | randomguy2701 the Hill Orc Monk began the quest for the
                  | Orb.
     0 | D:1      | Reached XP level 1. HP: 19/19 MP: 1/1
   275 | D:1      | Reached XP level 2. HP: 23/27 MP: 2/2
   334 | D:1      | Found Hekleulo's Magic Scroll Emporium.
   342 | D:1      | Bought a scroll of identify for 26 gold pieces
   815 | D:2      | Reached XP level 3. HP: 33/33 MP: 3/3
  1074 | D:2      | Reached XP level 4. HP: 40/40 MP: 4/4
  1162 | D:2      | Found a glowing silver altar of Zin.
  1194 | D:2      | Found a faded altar of an unknown god.
  1489 | D:3      | Reached skill level 5 in Axes
  1630 | D:3      | Found a hazy altar of Hepliaklqana.
  1631 | D:3      | Got the Incunable of the Cobbler
  1653 | D:3      | Reached skill level 1 in Armour
  1929 | D:3      | Slain by a gnoll bouda

Illustrated notes

Levels and vault maps discovered:
D:1:      giann_bridges, layout_loops_ring, serial_shops, shop_scrolls
D:2:      layout_rooms, shapermc_ecumenical_altar_flowoftime, basic_altar
D:3:      layout_rooms, nicolae_hepliaklqana_hazy_memory, chequers_mini_garden
D:4:      layout_cave_pods, minmay_temple_entry_proselytizer

Skill      XL: |  1  2  3  4 |
---------------+-------------+-----
Fighting       | 4 |  4.3
Dodging        | 3 |  3.2
Axes           | 5 |  5.4
Armour         | 1 |  1.1
Stealth        | |  0.1

Action                     |  1- 3 |  4- 6 || total
---------------------------+-------+-------++-------
  Melee: Hand axe          |    73 |    82 ||   155
 Armour: Robe              |     5 |       ||     5
         Scale mail        |    14 |    30 ||    44
  Dodge: Dodged            |    40 |    60 ||   100

Table legend: (Time is in decaauts)
 A = Elapsed time spent in this place.
 B = Non-inter-level travel time spent in this place.
 C = Inter-level travel time spent in this place.
 D = Time resting spent in this place.
 E = Time spent auto-exploring this place.
 F = Levels seen in this place.
 G = Mean time per level.
                   A        B        C        D        E       F      G
               +--------+--------+--------+--------+--------+-----+--------+
         Total |   1937 |   1827 |    110 |      0 |   1471 |   4 |  484.2 |
       Dungeon |   1937 |   1827 |    110 |      0 |   1471 |   4 |  484.2 |
               +--------+--------+--------+--------+--------+-----+--------+

Top non-repeatable levels by time:
     D:1: 811 daAuts
     D:2: 624 daAuts
     D:3: 455 daAuts
     D:4: 45 daAuts
